 Dungeon Crawl Stone Soup version 0.31-a0-1074-g0b22e4e0f1 (webtiles) character file.

Game seed: 14546604436298118148

68540 avis the Spry (level 14, -7/71 HPs)
             Began as a Felid Shapeshifter on Dec 2, 2023.
             Was the Champion of Jiyva.
             Mangled by a swamp dragon (14 damage)
             ... on level 1 of the Swamp.
             The game lasted 01:15:02 (14280 turns).

avis the Spry (Felid Shapeshifter)                 Turns: 14280, Time: 01:15:03

Health: -7/71      AC: 12    Str: 18    XL:     14   Next: 38%
Magic:  15/15      EV: 32    Int: 16    God:    Jiyva [******]
Gold:   872        SH:  0    Dex: 18    Spells: 13/13 levels left
                                        Lives:  0   Deaths: 3

rFire   . .          .
                       - Unarmed
rCold   + . .        (shield unavailable)
rNeg    . . .        (body armour unavailable)
rPois   .            (helmet unavailable)
rElec   .            (cloak unavailable)
rCorr   +            (gloves unavailable)
SInv    +            (boots unavailable)
Will    ++...        p - amulet of the acrobat
Stlth   +            l - +4 ring of protection
HPRegen 1.91/turn    n - +6 ring of intelligence
MPRegen 0.64/turn

%: acrobat
@: lethally poisoned (-7 -> -41), flux-form, glowing, quick
A: glow, contaminating, very small, claws 1, fangs 3, see invisible, speed 1,
shaggy fur 3, stealthy paws, no weapons or thrown items, no armour, multi-lived,
horns 3, iridescent scales 2, strong 2, gelatinous body 1, evolution 2, tendrils
}: 1/15 runes: slimy
a: Begin Untransformation, Renounce Religion, Oozemancy, Slimify


You were on level 1 of the Swamp.
You worshipped Jiyva.
Jiyva was exalted by your worship.
You were something dangerously unstable.
You visited 5 branches of the dungeon, and saw 20 of its levels.
You also visited: Sewer.

You collected 872 gold pieces.

Inventory:

Jewellery
 l - a +4 ring of protection (left paw)
 n - a +6 ring of intelligence (right paw)
 p - an amulet of the acrobat (around neck)
 x - a ring of poison resistance
 z - a ring of wizardry
 D - a ring of protection from fire
 N - an amulet of reflection
 O - a +6 ring of intelligence
Talismans
 f - a flux talisman (active)
 S - a storm talisman
Wands
 j - a wand of mindburst (37)
 y - a wand of polymorph (8)
 A - a wand of flame (24)
 C - a wand of roots (9)
 G - a wand of charming (10)
 P - a wand of quicksilver (6)
Scrolls
 a - 3 scrolls of fear {unknown}
 b - a scroll of identify
 c - a scroll of blinking {unknown}
 h - 2 scrolls of torment {unknown}
 k - 2 scrolls of noise {unknown}
 q - 4 scrolls of teleportation
 r - 2 scrolls of poison {unknown}
 B - 2 scrolls of enchant armour {unknown}
 H - a scroll of immolation
 K - a scroll of fog
 L - a scroll of revelation {unknown}
Potions
 e - 4 potions of enlightenment
 g - 2 potions of resistance
 i - 3 potions of might
 m - a potion of brilliance {unknown}
 o - 3 potions of ambrosia {unknown}
 s - a potion of berserk rage {unknown}
 t - a potion of degeneration {unknown}
 u - 4 potions of magic
 v - 3 potions of heal wounds {unknown}
 w - 3 potions of mutation {unknown}
 F - 3 potions of cancellation {unknown}
 I - 4 potions of curing
 M - a potion of invisibility {unknown}
Miscellaneous
 J - a phantom mirror


   Skills:
 * Level 13.8 Fighting
 - Level 18.0 Dodging
 - Level 2.0 Stealth
 - Level 10.0 Unarmed Combat
 - Level 2.0 Evocations
 - Level 14.0 Shapeshifting


You had 13 spell levels left.
You didn't know any spells.
Your spell library contained the following spells:

 Spells                   Type           Power      Damage    Failure   Level
 Apportation              Tloc           0%         N/A       26%         1
 Magic Dart               Conj           0%         1d3       26%         1
 Call Imp                 Summ           0%         N/A       36%         2
 Lesser Beckoning         Tloc           0%         N/A       36%         2
 Sublimation of Blood     Necr           0%         N/A       36%         2
 Gell's Gravitas          Tloc           0%         N/A       58%         3
 Mephitic Cloud           Conj/Pois/Air  0%         N/A       58%         3
 Teleport Other           Tloc           0%         N/A       58%         3
 Volatile Blastmotes      Fire/Tloc      0%         2d10      58%         3
 Fulminant Prism          Conj/Hex       0%         3d5       94%         4
 Iskenderun's Mystic Bla  Conj/Tloc      0%         2d3       94%         4
 Petrify                  Tmut/Erth      0%         N/A       94%         4
 Irradiate                Conj/Tmut      0%         3d11      100%        5
 Dispersal                Tloc           0%         N/A       100%        6
 Eringya's Noxious Bog    Tmut/Pois      0%         4d6       100%        6


Dungeon Overview and Level Annotations

Branches:
Dungeon (8/15)             Temple (1/1) D:6            Lair (5/5) D:8
  Swamp (1/4) Lair:2        Snake (0/4) Lair:2        Slime (5/5) Lair:5
  Sewer (visited)

Altars:
Ashenzari
Cheibriados
Dithmenos
Fedhas
Gozag
Hepliaklqana
Kikubaaqudgha
Nemelex Xobeh
Okawaru
Qazlal
Ru
Sif Muna
Trog
Uskayaw
Vehumet
Wu Jian
Xom
Yredelemnul
Zin
The Shining One
Jiyva

Shops:
D:3 !   D:7 [

Annotations:
D:4 1 runed translucent door, horus123's ghost, novice HOFi
Slime:5 Royal Jelly


Innate Abilities, Weirdness & Mutations

You are something dangerously unstable.
You glow with magical radiation, making you easy to see and hit.
Foes you strike become dangerously contaminated with magical radiation.
You have sharp claws.
You have razor-sharp teeth.
You have supernaturally acute eyesight. (SInv)
You cover ground quickly. (Speed+)
Your thick and shaggy fur keeps you warm. (AC +3, rC+)
Your paws help you pounce on unaware monsters.
You are incapable of wielding weapons or throwing items.
You cannot wear armour.
You gain extra lives every three experience levels.
You have a pair of large horns on your head.
You are mostly covered in iridescent scales. (AC +4)
Your muscles are very strong. (Str +8, Int/Dex -2)
Your rubbery body absorbs attacks. (AC +1, EV +1)
You have great hidden genetic potential.
You are covered in slimy tendrils that may disarm your opponents.


Message History

The blast of poison engulfs you but does no damage.
You are more poisoned.
The vampire mosquito closely misses you.
The vampire mosquito bites you!
The vampire mosquito draws strength from your injuries!
You are engulfed in poison gas.
You are more poisoned.
You feel extremely sick.
The vampire mosquito completely misses you. x2
The swamp dragon completely misses you. x3
The vampire mosquito barely misses you.
You claw the swamp dragon!
The swamp dragon begins to glow.
You headbutt the swamp dragon, but do no damage.
The swamp dragon is lightly wounded.
You are engulfed in poison gas.
You are more poisoned.
You feel extremely sick.
The vampire mosquito completely misses you. x2
The vampire mosquito misses you.
The vampire mosquito completely misses you. x2
The swamp dragon misses you. The swamp dragon closely misses you.
The swamp dragon completely misses you.
Jiyva says: Divide and consume!
You claw the swamp dragon!
The swamp dragon glows dangerously bright.
You headbutt the swamp dragon!
The swamp dragon is heavily wounded.
You are engulfed in poison gas.
You are lethally poisoned!
* * * LOW HITPOINT WARNING * * *
You feel extremely sick. The vampire mosquito bites you.
* * * LOW HITPOINT WARNING * * *
The vampire mosquito draws strength from your injuries!
The vampire mosquito completely misses you. x2
The vampire mosquito bites you!
* * * LOW HITPOINT WARNING * * *
The vampire mosquito draws strength from your injuries!
The swamp dragon bites you!
You die...

♣♣♣♣♣♣♣ ♣♣♣♣♣
♣♣♣.~..~♣♣~~♣.♣.
♣♣.......^.~.....
♣.~~~.~~...~~~.~~
♣♣...°°°.~°.~...~
♣.~..○°.D~.....~.
♣~~....○pyy..~~~~.
♣~J~.♣.°yy.~~~....
♣♣...~~°°°..≈§..8≈
♣♣....~...~##≈..~
♣~..~♣....~#♣###.
♣♣§♣♣♣....8.~# ♣♣♣♣♣
♣..~.♣≈≈#≈§.≈ ♣♣♣♣
♣..♣♣♣♣♣~~..8.# ~≈~~
...♣♣
♣....♣♣♣♣~.♣♣.≈~.~~.


You could see a swamp dragon (heavy contam), 4 vampire mosquitoes and a neutral
jelly (wandering) (fellow slime).

Vanquished Creatures
  2 bunyips
  4 hydras
  2 catoblepae
  A ghost crab (Swamp:1)
  A death yak (Lair:4)
  Amaemon (D:8)
  4 skysharks
  2 spriggan druids
  3 bog bodies
  A lindwurm (Lair:4)
  An oklob plant (Lair:4)
  6 elephants
  3 black mambas
  17 cane toads
  A rime drake (Lair:2)
  An orange demon (D:8)
  Jeremiah (D:8)
  Maggie (D:7)
  6 komodo dragons
  2 polar bears
  A tyrant leech (Swamp:1)
  23 blink frogs
  A spriggan (Swamp:1)
  4 wyverns
  49 yaks
  Eustachio (D:5)
  7 basilisks
  5 humans (D:6)
  3 vampire mosquitoes (Lair:5)
  A steam dragon (D:6)
  Menkaure (D:5)
  4 swamp worms (Swamp:1)
  13 water moccasins
  Duvessa (D:6)
  4 black bears
  An orc warrior (D:8)
  An ice beast (D:7)
  A sky beast (D:8)
  4 ogres
  21 wolves
  A centaur (D:8)
  A phantom (D:5)
  16 bullfrogs
  A scorpion (D:7)
  Dowan (D:6)
  6 killer bees (D:8)
  A howler monkey (D:7)
  An electric eel (Lair:5)
  2 hounds
  2 gnoll boudas
  2 jellies (Sewer)
  An orc priest (D:4)
  A sleepcap (D:7)
  Jessica (D:3)
  3 orc wizards
  5 adders
  14 gnolls
  A river rat (Sewer)
  2 white imps
  5 worms
  2 dart slugs
  13 orcs
  15 endoplasms
  7 giant cockroaches
  7 goblins
  4 hobgoblins
  5 jackals
  6 quokkas
  8 ball pythons
  3 bats
  4 frilled lizards
  10 kobolds
  10 rats
367 creatures vanquished.

Vanquished Creatures (collateral kills)
  An eleionoma (Swamp:1)
  A dire elephant (Lair:4)
  A hydra (Lair:5)
  A goliath frog (Swamp:1)
  A skyshark (Lair:5)
  A salamander (Lair:2)
  6 komodo dragons
  6 cane toads
  A rime drake (Lair:5)
  A polar bear (Lair:2)
  4 tyrant leeches
  6 blink frogs
  A spriggan (Swamp:1)
  A wyvern (Lair:5)
  15 yaks
  2 vampire mosquitoes (Lair:5)
  A swamp worm (Swamp:1)
  A water moccasin (Lair:2)
  6 wolves
  An electric eel (Lair:5)
  2 lava snakes (Lair:2)
60 creatures vanquished.

Vanquished Creatures (others)
  A goliath frog (Swamp:1)
  A yak (Lair:1)
  A water moccasin (D:5)
  A black bear (Lair:4)
  3 wolves
  3 bullfrogs
  54 jellies
  2 hounds (D:6)
  2 iguanas (D:5)
  4 gnolls
  An adder (D:4)
  A shadow imp (D:6)
  An endoplasm (D:4)
  7 orcs
82 creatures vanquished.

Grand Total: 509 creatures vanquished

Notes
Turn   | Place    | Note
-------+----------+-------------------------------------------
     0 | D:1      | avis the Felid Shapeshifter began the quest for the Orb.
     0 | D:1      | Reached XP level 1. HP: 9/9 MP: 2/2
   214 | D:1      | Reached XP level 2. HP: 9/13 MP: 3/3
   215 | D:1      | Reached skill level 3 in Dodging
   797 | D:2      | Reached XP level 3. HP: 12/16 MP: 4/4
   972 | D:2      | Noticed an ogre
  1047 | D:2      | Killed an ogre
  1048 | D:2      | Reached skill level 1 in Evocations
  1048 | D:2      | Reached skill level 4 in Dodging
  1048 | D:2      | Reached XP level 4. HP: 14/21 MP: 5/5
  1404 | D:2      | Found an ornate altar of the Wu Jian Council.
  1613 | D:3      | Found Tumyol's Distillery.
  1733 | D:3      | Reached XP level 5. HP: 24/24 MP: 6/6
  1833 | D:3      | Noticed Jessica
  1837 | D:3      | Reached skill level 1 in Stealth
  1851 | D:3      | Killed Jessica
  1852 | D:3      | Reached skill level 5 in Dodging
  2276 | D:4      | Noticed horus123's ghost (novice HOFi)
  2276 | D:4      | Found a runed translucent door.
  2379 | D:4      | Found a glowing drain.
  2383 | Sewer    | Entered a sewer
  2522 | Sewer    | Reached skill level 6 in Dodging
  2625 | Sewer    | Found a viscous altar of Jiyva.
  2632 | Sewer    | Gained mutation: You are covered in thick fur. (AC +2)
                  | [Felid growth]
  2632 | Sewer    | Reached XP level 6. HP: 28/28 MP: 7/7
  2773 | Sewer    | Became a worshipper of Jiyva Joopt the Shapeless
  2872 | D:4      | HP: 1/28 [orc priest/+1 mace of protection (1)]
  3006 | D:4      | Reached skill level 5 in Shapeshifting
  3215 | D:4      | Reached * piety under Jiyva
  3527 | D:5      | Entered Level 5 of the Dungeon
  3657 | D:5      | Reached XP level 7. HP: 19/31 MP: 8/8
  3725 | D:5      | Identified the +0 cloak "Deurit" {rC+ MP+9}
  3770 | D:5      | Identified the +3 war axe of the Candelabrum {venom, rPois
                  | rC+ rN+ Dex-4}
  3829 | D:5      | Reached ** piety under Jiyva
  4595 | D:6      | Noticed Menkaure
  4595 | D:6      | Reached *** piety under Jiyva
  4595 | D:6      | Found a shadowy altar of Dithmenos.
  4638 | D:5      | Killed Menkaure
  4672 | D:6      | Reached XP level 8. HP: 35/36 MP: 9/9
  4674 | D:6      | Noticed Eustachio
  4715 | D:6      | Reached skill level 5 in Fighting
  4726 | D:6      | Reached skill level 7 in Dodging
  4796 | D:6      | Reached skill level 8 in Dodging
  4947 | D:6      | Reached skill level 9 in Dodging
  5003 | D:5      | Killed Eustachio
  5054 | D:6      | Reached skill level 5 in Unarmed Combat
  5185 | D:6      | Reached skill level 10 in Dodging
  5185 | D:6      | Reached XP level 9. HP: 40/40 MP: 10/10
  5242 | D:6      | Found a staircase to the Ecumenical Temple.
  5276 | Temple   | Entered the Ecumenical Temple
  5294 | D:6      | Found a bloodstained altar of Trog.
  5311 | D:6      | Gained mutation: You are partially covered in iridescent
                  | scales. (AC +2) [Jiyva's grace]
  5311 | D:6      | Gained mutation: You are mostly covered in iridescent
                  | scales. (AC +4) [Jiyva's grace]
  5311 | D:6      | Gained mutation: You are completely covered in iridescent
                  | scales. (AC +6) [Jiyva's grace]
  5311 | D:6      | Gained mutation: You are robust. (+10% HP) [Jiyva's grace]
  5362 | D:6      | Found a glowing silver altar of Zin.
  5367 | D:6      | Reached **** piety under Jiyva
  5369 | D:6      | Found a basalt altar of Yredelemnul.
  5401 | D:6      | Noticed Duvessa
  5401 | D:6      | Noticed Dowan
  5411 | D:6      | Killed Duvessa
  5419 | D:6      | Killed Dowan
  5489 | D:6      | Identified the +5 ring mail of Gelemeo {rF+}
  5807 | D:7      | Reached skill level 11 in Dodging
  5974 | D:7      | Noticed Maggie
  5989 | D:7      | Killed Maggie
  5990 | D:7      | Reached skill level 12 in Dodging
  6033 | D:7      | Found Mieneck's Antique Armour Emporium.
  6170 | D:7      | Found a hide-covered altar of Uskayaw.
  6465 | D:8      | Reached ***** piety under Jiyva
  6469 | D:8      | Found a staircase to the Lair.
  6470 | D:8      | Noticed a komodo dragon
  6494 | D:8      | Killed a komodo dragon
  6742 | D:8      | Lost mutation: You are completely covered in iridescent
                  | scales. (AC +6) [Jiyva's grace]
  6742 | D:8      | Lost mutation: You are robust. (+10% HP) [Jiyva's grace]
  6742 | D:8      | Gained mutation: Your rubbery body absorbs attacks. (AC +1,
                  | EV +1) [Jiyva's grace]
  6742 | D:8      | Gained mutation: Your pliable body absorbs attacks. (AC +2,
                  | EV +2) [Jiyva's grace]
  6742 | D:8      | Gained mutation: Your gelatinous body deflects attacks. (AC
                  | +3, EV +3) [Jiyva's grace]
  6742 | D:8      | Gained mutation: Your muscles are strong. (Str +4, Int/Dex
                  | -1) [Jiyva's grace]
  6761 | D:8      | Noticed Amaemon
  6774 | D:8      | Noticed an orange demon
  6783 | D:8      | Succumbed to orange demon's concentrated venom
  6847 | D:8      | Killed Amaemon
  6848 | D:8      | Reached skill level 10 in Shapeshifting
  6848 | D:8      | Reached XP level 10. HP: 44/44 MP: 11/11
  6851 | D:8      | Killed an orange demon
  7039 | D:8      | Noticed Jeremiah
  7049 | D:8      | Killed Jeremiah
  7160 | Lair:1   | Entered Level 1 of the Lair of Beasts
  7274 | Lair:1   | Noticed a catoblepas
  7297 | Lair:1   | Noticed a cane toad
  7303 | Lair:1   | Killed a catoblepas
  7321 | Lair:1   | Killed a cane toad
  7335 | Lair:1   | Reached skill level 13 in Dodging
  7368 | Lair:1   | Reached XP level 11. HP: 46/50 MP: 12/12
  7391 | Lair:1   | Noticed a skyshark
  7416 | Lair:1   | Killed a skyshark
  7417 | Lair:1   | Reached skill level 14 in Dodging
  7637 | Lair:1   | Reached skill level 15 in Dodging
  8496 | Lair:2   | Reached ****** piety under Jiyva
  8539 | Lair:2   | Gained mutation: Your thick and shaggy fur keeps you warm.
                  | (AC +3, rC+) [Felid growth]
  8539 | Lair:2   | Reached XP level 12. HP: 54/54 MP: 13/13
  8553 | Lair:2   | Found a staircase to the Swamp.
  8822 | Lair:2   | Found a staircase to the Snake Pit.
  9497 | Lair:3   | Reached skill level 10 in Fighting
  9518 | Lair:3   | Identified the +5 leather armour of Firharaph {rPois}
  9553 | Lair:3   | Gained mutation: You have a pair of small horns on your
                  | head. [Jiyva's grace]
  9553 | Lair:3   | Gained mutation: You have a pair of horns on your head.
                  | [Jiyva's grace]
  9553 | Lair:3   | Gained mutation: You have a pair of large horns on your
                  | head. [Jiyva's grace]
  9553 | Lair:3   | Gained mutation: You are completely covered in iridescent
                  | scales. (AC +6) [Jiyva's grace]
 10114 | Lair:4   | Noticed a death yak
 10114 | Lair:4   | Noticed a five-headed hydra
 10158 | Lair:4   | Killed a death yak
 10166 | Lair:4   | Killed a five-headed hydra
 10167 | Lair:4   | Reached XP level 13. HP: 61/61 MP: 14/14
 10364 | Lair:4   | Reached skill level 10 in Unarmed Combat
 10529 | Lair:4   | Noticed a dire elephant
 10554 | Lair:4   | Found a runed translucent door.
 10770 | Lair:4   | Killed a dire elephant
 10771 | Lair:4   | Reached skill level 16 in Dodging
 10794 | Lair:4   | Got the Grimoire of the Planar Switch
 10859 | Lair:5   | Entered Level 5 of the Lair of Beasts
 10889 | Lair:5   | Reached skill level 17 in Dodging
 10972 | Lair:5   | Reached skill level 18 in Dodging
 11404 | Lair:5   | Found a viscous altar of Jiyva.
 11404 | Lair:5   | Found a staircase to the Slime Pits.
 11424 | Lair:5   | Lost mutation: You are completely covered in iridescent
                  | scales. (AC +6) [Jiyva's grace]
 11424 | Lair:5   | Lost mutation: Your gelatinous body deflects attacks. (AC
                  | +3, EV +3) [Jiyva's grace]
 11424 | Lair:5   | Lost mutation: Your pliable body absorbs attacks. (AC +2,
                  | EV +2) [Jiyva's grace]
 11424 | Lair:5   | Gained mutation: You have hidden genetic potential.
                  | [Jiyva's grace]
 11424 | Lair:5   | Gained mutation: You have great hidden genetic potential.
                  | [Jiyva's grace]
 11424 | Lair:5   | Gained mutation: You are covered in slimy tendrils that may
                  | disarm your opponents. [Jiyva's grace]
 11424 | Lair:5   | Gained mutation: Your muscles are very strong. (Str +8,
                  | Int/Dex -2) [Jiyva's grace]
 11530 | Lair:5   | Reached XP level 14. HP: 68/68 MP: 15/15
 11717 | Slime:1  | Entered Level 1 of the Pits of Slime
 11717 | Slime:1  | Noticed a rockslime
 11726 | Slime:2  | Noticed an acid blob
 11738 | Slime:3  | Noticed an acid blob
 11749 | Slime:5  | Entered Level 5 of the Pits of Slime
 11750 | Slime:5  | Found a viscous altar of Jiyva.
 11770 | Slime:5  | Identified the +6 trident "Esiuw" {flame, MP+9 Str+2 Int-2
                  | Dex+2}
 11781 | Slime:5  | Noticed an acid blob
 11788 | Slime:5  | Identified the ring of the Median {Str+6 Int+2 Dex+3
                  | Slay-3}
 11810 | Slime:5  | Got a slimy rune of Zot
 11816 | Slime:5  | Noticed an azure jelly
 11849 | Slime:5  | Noticed an acid blob
 11854 | Slime:5  | Noticed a rockslime
 11948 | Slime:5  | Noticed a formless jellyfish
 11963 | Slime:5  | Noticed a rockslime
 11977 | Slime:5  | Noticed an acid blob
 12001 | Slime:5  | Noticed an acid blob
 12128 | Slime:5  | Identified the +7 arbalest of Annihilation {flame, Int+5
                  | Dex+2}
 12135 | Slime:5  | Noticed the Royal Jelly
 12238 | Slime:4  | Noticed a quicksilver ooze
 12335 | Slime:4  | Noticed a formless jellyfish
 12343 | Slime:4  | Noticed a formless jellyfish
 12487 | Slime:4  | Noticed a formless jellyfish
 12496 | Slime:4  | Noticed a formless jellyfish
 12515 | Slime:4  | Noticed an acid blob
 12526 | Slime:4  | Noticed an acid blob
 12716 | Slime:3  | Noticed a formless jellyfish
 12724 | Slime:3  | Noticed an acid blob
 12725 | Slime:3  | Noticed a rockslime
 12809 | Slime:3  | Noticed a formless jellyfish
 12843 | Slime:2  | Noticed a quicksilver ooze
 12843 | Slime:2  | Noticed an acid blob
 12859 | Slime:1  | Noticed a rockslime
 13136 | Slime:3  | Noticed an azure jelly
 13187 | Slime:2  | Noticed a formless jellyfish
 13187 | Slime:2  | Noticed a quicksilver ooze
 13207 | Slime:2  | Noticed a formless jellyfish
 13214 | Slime:2  | Noticed a formless jellyfish
 13750 | Swamp:1  | Entered Level 1 of the Swamp
 13759 | Swamp:1  | HP: 2/69 [+2 spectral quarterstaff[a spriggan druid] (4)]
 13761 | Lair:2   | Killed from afar by a spriggan druid
 14148 | Swamp:1  | Succumbed to a swamp dragon's poison gas
 14280 | Swamp:1  | Mangled by a swamp dragon

Illustrated notes

Levels and vault maps discovered:
D:1:      psy_arrival_conway, layout_basic, serial_glass, glass_columns_b,
          glass_columns_a
D:2:      layout_loops_ring, basic_altar, grunt_ministairs_2
D:3:      layout_rooms, serial_shops, shop_fountains, uniq_jessica
D:4:      layout_rooms, gup_sewer_entry_spiral, ebering_ghost_sewer_d,
          minmay_splitting_lines
D:5:      layout_cave_pods, nicolae_houndstooth_variations
D:6:      layout_loops_corners, nicolae_dithmenos_the_darkroom,
          grunt_temple_overflow_open, temple_pool_b, minmay_ruffians,
          uniq_menkaure, uniq_eustachio, uniq_duvessa
D:7:      layout_cave_pools, mainiacjoe_overflow_six_doors_small, serial_shops,
          nicolae_shop_tiny_glass, kennysheep_diamond, nicolae_letterblocks
          [nicolae_letter_subblock, nicolae_letter_subblock,
          nicolae_letter_subblock, nicolae_letter_subblock,
          nicolae_letter_subblock, nicolae_letter_subblock,
          nicolae_letter_subblock, nicolae_letter_subblock,
          nicolae_letter_subblock, nicolae_letter_subblock,
          nicolae_letter_subblock, nicolae_letter_subblock,
          nicolae_letter_subblock, nicolae_letter_subblock,
          nicolae_letter_subblock, nicolae_letter_subblock,
          nicolae_letter_subblock, nicolae_letter_subblock,
          nicolae_letter_subblock, nicolae_letter_subblock,
          nicolae_letter_subblock, nicolae_letter_subblock,
          nicolae_letter_subblock, nicolae_letter_subblock,
          nicolae_letter_subblock], uniq_maggie
D:8:      layout_basic, david_lair_shrubbed, uniq_jeremiah, uniq_amaemon
Temple:   nicolae_temple_bog_church
Lair:1:   layout_hall_layers, beast_lair_carwin_6
Lair:2:   layout_loops_ring, skrybe_swamp_entry_bodies,
          nicolae_snake_entry_warm_welcome, beast_lair_carwin_1,
          infiniplex_staircase_pool_2, lemuel_fruit_fields
Lair:3:   layout_concentric_octagons, serial_bayou_shore_b
Lair:4:   gammafunk_lair_enchanted_lake, layout_gridlike
Lair:5:   minmay_lair_end_frog_pond, layout_misc_corridors,
          dpeg_slime_entry_enclosed, grunt_forest_large_clearings
Swamp:1:  layout_basic_swamp, evilmike_swamp_ruin_house_5, swamp_pool_3,
          st_swamp_ruins_1
Slime:1:  layout_caves
Slime:2:  layout_caves
Slime:3:  layout_caves
Slime:4:  nicolae_slime_jelly_donut, layout_caves,
          nicolae_slime_welcoming_committee
Slime:5:  slime_pit_nicolae_jellycorners

Skill      XL: |  1  2  3  4  5  6  7  8  9 10 11 12 13 14 |
---------------+-------------------------------------------+-----
Fighting       | 2 3 4 5 7 10 11 13 | 13.8
Dodging        | 3 4 6 10 12 13 15 18 | 18.0
Evocations     | 1 2 |  2.0
Stealth        | 2 |  2.0
Shapeshifting  | 5 7 10 13 14 | 14.0
Unarmed Combat | 5 7 9 10 | 10.0

Action                     |  1- 3 |  4- 6 |  7- 9 | 10-12 | 13-15 || total
---------------------------+-------+-------+-------+-------+-------++-------
  Melee: Unarmed           |    72 |   202 |   324 |   652 |   470 ||  1720
         Bite              |     3 |    25 |    62 |   112 |    85 ||   287
         Punch             |     2 |     4 |       |       |       ||     6
         Headbutt          |       |       |       |    24 |   158 ||   182
  Evoke: Wand              |       |     2 |       |       |       ||     2
    Use: Potion            |     1 |     1 |       |       |       ||     2
         Scroll            |       |     2 |     1 |     7 |     1 ||    11
   Stab: Sleeping          |     4 |    13 |     1 |       |       ||    18
         Distracted        |       |     1 |       |     1 |       ||     2
         Petrified         |       |       |       |     2 |       ||     2
 Armour: Skin              |    26 |    42 |    95 |   247 |   162 ||   572
  Dodge: Dodged            |    45 |   116 |   435 |  1456 |   777 ||  2829
   Form: Flux              |       |       |     1 |       |       ||     1

Table legend: (Time is in decaauts)
 A = Elapsed time spent in this place.
 B = Non-inter-level travel time spent in this place.
 C = Inter-level travel time spent in this place.
 D = Time resting spent in this place.
 E = Time spent auto-exploring this place.
 F = Levels seen in this place.
 G = Mean time per level.
                   A        B        C        D        E       F      G
               +--------+--------+--------+--------+--------+-----+--------+
         Total |  12072 |  10924 |   1148 |    624 |   6308 |  21 |  574.9 |
       Dungeon |   5819 |   5256 |    563 |    443 |   2972 |   8 |  727.4 |
        Temple |      5 |      3 |      2 |      0 |      0 |   1 |    5.0 |
          Lair |   3994 |   3571 |    423 |     65 |   1941 |   5 |  798.8 |
         Swamp |    371 |    371 |      0 |      0 |    214 |   1 |  371.0 |
    Slime Pits |   1497 |   1339 |    158 |      0 |   1175 |   5 |  299.4 |
         Sewer |    383 |    383 |      0 |    115 |      4 |   1 |  383.0 |
               +--------+--------+--------+--------+--------+-----+--------+

Top non-repeatable levels by time:
     D:6: 1018 daAuts
  Lair:2: 1006 daAuts
  Lair:4: 968 daAuts
     D:5: 890 daAuts
     D:4: 847 daAuts
  Lair:5: 743 daAuts
  Lair:1: 724 daAuts
     D:2: 715 daAuts
     D:1: 671 daAuts
     D:8: 646 daAuts
  Lair:3: 551 daAuts
     D:3: 530 daAuts
     D:7: 499 daAuts
 Slime:5: 393 daAuts
 Slime:4: 392 daAuts
